SL
DETROIT RENAISSANCE @ GRAFTON MIDDIES
10/02/2022
 
TOP OF THE 1ST
Detroit Renaissance batting - Pitching for Grafton Middies : RHP Domingo Álvarez
Pitching: RHP Domingo Álvarez
Batting: RHB Kyle Bywaters 0-0: Fly out, F6 (Popup, 6M)
Batting: LHB Juan González 0-0: Called Strike
0-1: Called Strike
0-2: Strikes out looking
Batting: LHB Greg Robinson 0-0: Ball
1-0: Ball
2-0: SINGLE (Line Drive, 34)
Batting: LHB Mike Silver 0-0: Ball
1-0: Ball
2-0: Foul Ball, location: 2F
2-1: Called Strike
Greg Robinson steals 2nd base
2-2: Foul Ball, location: 2F
2-2: Ball
3-2: SINGLE (Groundball, 56D)
Greg Robinson to third
Greg Robinson scores
Pitching: LHP Reid Garner
Batting: RHB Randy García 0-0: Fly out, F5 (Line Drive, 5L)
Top of the 1st over - 1 run(s), 2 hit(s), 0 error(s), 1 left on base; Detroit 1 - Grafton 0
BOTTOM OF THE 1ST
Grafton Middies batting - Pitching for Detroit Renaissance : RHP Domingo Ramírez
Pitching: RHP Domingo Ramírez
Batting: RHB Pedro Orozco 0-0: SOLO HOME RUN (Flyball, 7D), Distance : 415 ft
Batting: RHB Wes Bradley 0-0: Foul Ball, location: 2F
0-1: Fly out, F4 (Popup, 34D)
Batting: RHB Scotty Anderson 0-0: Ball
1-0: Foul Ball, location: 2F
1-1: Foul Ball, location: 2F
1-2: Ground out 6-3 (Groundball, 6)
Batting: RHB Raúl Robles 0-0: Ground out 4-3 (Groundball, 4)
Bottom of the 1st over - 1 run(s), 1 hit(s), 0 error(s), 0 left on base; Detroit 1 - Grafton 1
TOP OF THE 2ND
Detroit Renaissance batting - Pitching for Grafton Middies : LHP Reid Garner
Batting: RHB Ron Ward 0-0: Fly out, F3 (Popup, 23F)
Batting: LHB David Hunt 0-0: Swinging Strike
0-1: Ball
1-1: Swinging Strike
1-2: Ground out U3 (Groundball, 3S)
Batting: RHB Nathan Horton 0-0: Ball
1-0: Swinging Strike
1-1: Ball
2-1: Foul Ball, location: 2F
2-2: Ball
3-2: Strikes out swinging
Top of the 2nd over - 0 run(s), 0 hit(s), 0 error(s), 0 left on base; Detroit 1 - Grafton 1
BOTTOM OF THE 2ND
Grafton Middies batting - Pitching for Detroit Renaissance : RHP Domingo Ramírez
Batting: RHB Pedro Santos 0-0: Called Strike
0-1: Foul Ball, location: 2F
0-2: Ball
1-2: Foul Ball, location: 2F
1-2: Ball
2-2: Fly out, F8 (Flyball, 8LD)
Batting: RHB Nathan Boswell 0-0: Swinging Strike
0-1: Ball
1-1: Swinging Strike
1-2: Foul Ball, location: 2F
1-2: Strikes out looking
Batting: RHB Justin Bingham 0-0: Called Strike
0-1: Ball
1-1: Foul Ball, location: 2F
1-2: Foul Ball, location: 2F
1-2: Fly out, F7 (Flyball, 78D)
Bottom of the 2nd over - 0 run(s), 0 hit(s), 0 error(s), 0 left on base; Detroit 1 - Grafton 1
TOP OF THE 3RD
Detroit Renaissance batting - Pitching for Grafton Middies : LHP Reid Garner
Batting: RHB Ben Ross 0-0: Called Strike
0-1: Ball
1-1: Foul Ball, location: 2F
1-2: Strikes out swinging
Batting: RHB Kyle Bywaters 0-0: SINGLE (Line Drive, 9S)
Batting: LHB Juan González 0-0: Swinging Strike
0-1: Called Strike
0-2: Ball
1-2: Ball
2-2: Hit by Pitch
Kyle Bywaters to second
Batting: LHB Greg Robinson 0-0: Ball
Kyle Bywaters steals 3rd base
Juan González to second
1-0: Ground out 4-3 (Groundball, 4)
Kyle Bywaters scores
Juan González to third
Batting: LHB Mike Silver 0-0: Foul Ball, location: 2F
0-1: Ball
Wild Pitch!
Juan González scores
1-1: Swinging Strike
1-2: Ball
2-2: Ball
3-2: Fly out, F5 (Popup, 5F)
Top of the 3rd over - 2 run(s), 1 hit(s), 0 error(s), 0 left on base; Detroit 3 - Grafton 1
BOTTOM OF THE 3RD
Grafton Middies batting - Pitching for Detroit Renaissance : RHP Domingo Ramírez
Batting: RHB Danny Hall 0-0: Called Strike
0-1: Fly out, F8 (Flyball, 8LD)
Batting: RHB Brady Ferris 0-0: Ball
1-0: Called Strike
1-1: Ball
2-1: Ball
3-1: Base on Balls
Batting: RHB Pedro Orozco 0-0: Ball
1-0: Called Strike
1-1: Ball
2-1: Called Strike
2-2: SINGLE (Groundball, 6MD)
Brady Ferris to second
Batting: RHB Wes Bradley 0-0: Called Strike
0-1: Foul Ball, location: 2F
0-2: Strikes out swinging
Batting: RHB Scotty Anderson 0-0: Swinging Strike
0-1: Ground out 1-3 (Groundball, 13S)
Bottom of the 3rd over - 0 run(s), 1 hit(s), 0 error(s), 2 left on base; Detroit 3 - Grafton 1
TOP OF THE 4TH
Detroit Renaissance batting - Pitching for Grafton Middies : LHP Reid Garner
Batting: RHB Randy García 0-0: Foul Ball, location: 2F
0-1: Ground out 5-3 (Groundball, 56)
Batting: RHB Ron Ward 0-0: Foul Ball, location: 2F
0-1: Ball
1-1: Ball
2-1: Ball
3-1: Fly out, F7 (Flyball, 7S)
Batting: LHB David Hunt 0-0: Called Strike
0-1: SINGLE (Groundball, 4MD)
Batting: RHB Nathan Horton 0-0: Ball
1-0: Ball
2-0: Fielders Choice at 2nd, 6-4 (Groundball, 6)
Top of the 4th over - 0 run(s), 1 hit(s), 0 error(s), 0 left on base; Detroit 3 - Grafton 1
BOTTOM OF THE 4TH
Grafton Middies batting - Pitching for Detroit Renaissance : RHP Domingo Ramírez
Batting: RHB Raúl Robles 0-0: SINGLE (Groundball, 56D)
Batting: RHB Pedro Santos 0-0: Called Strike
0-1: Ball
1-1: Ball
2-1: Ball
3-1: Swinging Strike
3-2: Strikes out looking
Batting: RHB Nathan Boswell 0-0: Foul Ball, location: 2F
0-1: Ball
1-1: Foul Ball, location: 2F
1-2: Fly out, F8 (Flyball, 8LM)
Batting: RHB Justin Bingham 0-0: Ball
1-0: Ground out 5-3 (Groundball, 15S)
Bottom of the 4th over - 0 run(s), 1 hit(s), 0 error(s), 1 left on base; Detroit 3 - Grafton 1
TOP OF THE 5TH
Detroit Renaissance batting - Pitching for Grafton Middies : LHP Reid Garner
Batting: RHB Ben Ross 0-0: Called Strike
0-1: Foul Ball, location: 2F
0-2: Foul Ball, location: 2F
0-2: Ball
1-2: DOUBLE (Line Drive, 9LD)
Pitching: RHP Al Turner
Batting: RHB Kyle Bywaters 0-0: Sac Bunt - play at first, batter OUT! 5-4
Ben Ross to third
Batting: LHB Juan González 0-0: Foul Ball, location: 2F
0-1: Swinging Strike
0-2: Ground out 6-3 (Groundball, 6MD)
Ben Ross scores
Batting: LHB Greg Robinson 0-0: Ball
1-0: Swinging Strike
1-1: Ball
2-1: Ground out 4-3 (Groundball, 34)
Top of the 5th over - 1 run(s), 1 hit(s), 0 error(s), 0 left on base; Detroit 4 - Grafton 1
BOTTOM OF THE 5TH
Grafton Middies batting - Pitching for Detroit Renaissance : RHP Domingo Ramírez
Batting: RHB Danny Hall 0-0: Ball
1-0: Ball
2-0: Ball
3-0: Called Strike
3-1: Fly out, F7 (Flyball, 78XD)
Batting: RHB Brady Ferris 0-0: Ground out 5-3 (Groundball, 5S)
Batting: RHB Pedro Orozco 0-0: Foul Ball, location: 2F
0-1: Ball
1-1: Called Strike
1-2: Fly out, F5 (Line Drive, 5S)
Bottom of the 5th over - 0 run(s), 0 hit(s), 0 error(s), 0 left on base; Detroit 4 - Grafton 1
TOP OF THE 6TH
Detroit Renaissance batting - Pitching for Grafton Middies : RHP Al Turner
Batting: LHB Mike Silver 0-0: SINGLE (Groundball, 34S) (infield hit)
Batting: RHB Randy García 0-0: Called Strike
0-1: SINGLE (Flyball, 8RS)
Mike Silver to second
Batting: RHB Ron Ward 0-0: Bunted foul
0-1: Sac Bunt - play at third, runner OUT -> throw to first, DP!
Randy García to second
Batting: LHB David Hunt 0-0: Ball
1-0: Called Strike
1-1: Foul Ball, location: 2F
1-2: Ball
2-2: Strikes out swinging
Top of the 6th over - 0 run(s), 2 hit(s), 0 error(s), 1 left on base; Detroit 4 - Grafton 1
BOTTOM OF THE 6TH
Grafton Middies batting - Pitching for Detroit Renaissance : RHP Domingo Ramírez
Batting: RHB Wes Bradley 0-0: Swinging Strike
0-1: Called Strike
0-2: Fly out, F7 (Flyball, 78S)
Batting: RHB Scotty Anderson 0-0: Ball
1-0: Called Strike
1-1: Ball
2-1: Ground out 6-3 (Groundball, 6M)
Batting: RHB Raúl Robles 0-0: Fly out, F9 (Flyball, 9M)
Bottom of the 6th over - 0 run(s), 0 hit(s), 0 error(s), 0 left on base; Detroit 4 - Grafton 1
TOP OF THE 7TH
Detroit Renaissance batting - Pitching for Grafton Middies : RHP Al Turner
Batting: RHB Nathan Horton 0-0: Ball
1-0: Ground out 6-3 (Groundball, 6M)
Batting: RHB Ben Ross 0-0: Ball
1-0: Called Strike
1-1: Fly out, F7 (Flyball, 78M)
Batting: RHB Kyle Bywaters 0-0: Ball
1-0: SINGLE (Groundball, 34D) (infield hit)
Batting: LHB Juan González 0-0: Ball
1-0: Ball
2-0: Ground out 4-3 (Groundball, 4)
Top of the 7th over - 0 run(s), 1 hit(s), 0 error(s), 1 left on base; Detroit 4 - Grafton 1
BOTTOM OF THE 7TH
Grafton Middies batting - Pitching for Detroit Renaissance : RHP Domingo Ramírez
Batting: RHB Pedro Santos 0-0: Called Strike
0-1: Swinging Strike
0-2: Ball
1-2: Foul Ball, location: 2F
1-2: Ball
2-2: Strikes out swinging
Batting: RHB Nathan Boswell 0-0: Ball
1-0: DOUBLE (Flyball, 8RD)
Batting: RHB Justin Bingham 0-0: Ball
1-0: Ground out 4-3 (Groundball, 4M)
Nathan Boswell to third
Batting: RHB Danny Hall 0-0: Foul Ball, location: 2F
0-1: Ball
1-1: Ball
2-1: Foul Ball, location: 2F
2-2: Foul Ball, location: 2F
2-2: Ball
3-2: Base on Balls
Batting: RHB Brady Ferris 0-0: Called Strike
0-1: Ball
1-1: Foul Ball, location: 2F
1-2: Ball
2-2: Ball
3-2: Base on Balls
Danny Hall to second
Pinch Hitting: LHB Mario Ramos 0-0: Ball
1-0: Called Strike
1-1: Called Strike
1-2: Ball
2-2: Ground out 1-3 (Groundball, 15S)
Bottom of the 7th over - 0 run(s), 1 hit(s), 0 error(s), 3 left on base; Detroit 4 - Grafton 1
TOP OF THE 8TH
Detroit Renaissance batting - Pitching for Grafton Middies : RHP Al Turner
Now in LF: José Peña
Batting: LHB Greg Robinson 0-0: TRIPLE (Flyball, 78D)
Batting: LHB Mike Silver 0-0: Intentional Walk
Batting: RHB Randy García 0-0: Called Strike
0-1: Called Strike
0-2: Ball
1-2: SINGLE (Line Drive, 7S)
Greg Robinson scores
Mike Silver to second
Batting: RHB Ron Ward 0-0: Ball
1-0: Bunted foul
1-1: Sac Bunt - play at first, batter OUT! 1-4
Mike Silver to third
Randy García to second
Batting: LHB David Hunt 0-0: Called Strike
0-1: Ball
1-1: Swinging Strike
1-2: Fly out, F7 (Flyball, 78S)
Batting: RHB Nathan Horton 0-0: Called Strike
0-1: Fly out, F7 (Flyball, 7S)
Top of the 8th over - 1 run(s), 2 hit(s), 0 error(s), 2 left on base; Detroit 5 - Grafton 1
BOTTOM OF THE 8TH
Grafton Middies batting - Pitching for Detroit Renaissance : RHP Domingo Ramírez
Batting: RHB Wes Bradley 0-0: Fly out, F4 (Popup, 4MD)
Batting: RHB Scotty Anderson 0-0: Swinging Strike
0-1: Called Strike
0-2: Foul Ball, location: 2F
0-2: DOUBLE (Line Drive, 78D)
Batting: RHB Raúl Robles 0-0: Swinging Strike
0-1: Called Strike
0-2: Foul Ball, location: 2F
0-2: Ball
1-2: Ball
2-2: Strikes out swinging
Pitching: LHP José Guerrero
Batting: RHB Pedro Santos 0-0: Called Strike
0-1: Ball
1-1: Fly out, F9 (Line Drive, 9LM)
Bottom of the 8th over - 0 run(s), 1 hit(s), 0 error(s), 1 left on base; Detroit 5 - Grafton 1
TOP OF THE 9TH
Detroit Renaissance batting - Pitching for Grafton Middies : RHP Al Turner
Batting: RHB Ben Ross 0-0: Swinging Strike
0-1: Ball
1-1: Swinging Strike
1-2: Ball
2-2: SINGLE (Flyball, 9S)
Pitching: RHP Gene Anderson
Batting: RHB Kyle Bywaters 0-0: Called Strike
0-1: Sac Bunt - play at second, runner OUT! 2-6
Batting: LHB Juan González 0-0: Ball
1-0: Called Strike
1-1: SINGLE (Groundball, 4M)
Kyle Bywaters to second
Runner from 2nd tries for 3rd, OUT!
Batting: LHB Greg Robinson 0-0: Foul Ball, location: 2F
0-1: Ball
1-1: Ground out U3 (Groundball, 3S)
Top of the 9th over - 0 run(s), 2 hit(s), 0 error(s), 1 left on base; Detroit 5 - Grafton 1
BOTTOM OF THE 9TH
Grafton Middies batting - Pitching for Detroit Renaissance : LHP José Guerrero
Pitching: RHP António Lucero
Batting: RHB Nathan Boswell 0-0: Called Strike
0-1: Called Strike
0-2: Foul Ball, location: 2F
0-2: Ball
1-2: Ball
2-2: Strikes out looking
Batting: RHB Justin Bingham 0-0: Ball
1-0: Ball
2-0: Called Strike
2-1: Ball
3-1: Foul Ball, location: 2F
3-2: SINGLE (Flyball, 9LS)
Batting: RHB Danny Hall 0-0: Swinging Strike
0-1: Fly out, F7 (Flyball, 78M)
Batting: RHB Brady Ferris 0-0: Called Strike
0-1: Fly out, F7 (Flyball, 7LD)
Bottom of the 9th over - 0 run(s), 1 hit(s), 0 error(s), 1 left on base; Detroit 5 - Grafton 1
This league is powered by Out of the Park Baseball, the baseball management simulation game for PC, Mac and Linux
Friday, April 15th, 2016 - OOTP Baseball 16.9 Build 39